 Dungeon Crawl Stone Soup version 0.30-a0-760-g5a9884bb7c (webtiles) character file.

Game seed: 17993223814064424034

86 Mickster the Stinger (level 4, -8/34 HPs)
             Began as a Draconian Venom Mage on Feb 10, 2023.
             Mangled by a gnoll
             ... wielding a +0 halberd
              (13 damage)
             ... on level 3 of the Dungeon.
             The game lasted 00:19:13 (1158 turns).

Mickster the Stinger (Draconian Venom Mage)         Turns: 1158, Time: 00:19:14

Health: -8/34      AC:  5    Str: 10    XL:     4   Next: 26%
Magic:  2/7        EV: 12    Int: 18    God:
Gold:   38         SH:  0    Dex: 11    Spells: 6/7 levels left

rFire   . . .      SeeInvis .    d - +2 flail
rCold   . . .      Faith    .    (no shield)
rNeg    . . .      Spirit   .    (body armour unavailable)
rPois   .          Reflect  .    (helmet restricted)
rElec   .          Harm     .    (no cloak)
rCorr   .          Rampage  .    (no gloves)
Will    .....                    (no boots)
Stlth   ++                       (no amulet)
HPRegen 0.25/turn                (no ring)
MPRegen 0.10/turn                (no ring)

@: no status effects
A: AC +5, unfitting armour, cold-blooded
a: no special abilities


You were on level 3 of the Dungeon.
You visited 1 branch of the dungeon, and saw 3 of its levels.

You collected 38 gold pieces.

Inventory:

Hand Weapons
 d - a +2 flail (weapon)
 g - a +0 sling
Missiles
 f - 9 stones (quivered)
Armour
 c - a +0 robe
 e - a +0 ring mail
Potions
 a - a potion of magic
 b - a potion of might


   Skills:
 + Level 0.6 Fighting
 + Level 1.2 Maces & Flails
 + Level 2.3 Dodging
 + Level 2.0 Stealth
 + Level 2.4 Spellcasting
 + Level 1.6 Transmutations
 + Level 3.5 Poison Magic


You had 6 spell levels left.
You knew the following spells:

 Your Spells              Type           Power      Damage    Failure   Level
a - Sting                 Tmut/Pois      44%        1d5       6%          1

Your spell library contained the following spells:

 Spells                   Type           Power      Damage    Failure   Level
 Poisonous Vapours        Pois/Air       16%        N/A       13%         2
 Kiss of Death            Conj/Necr      8%         2d6       17%         1
 Slow                     Hex            8%         N/A       17%         1
 Spider Form              Tmut/Pois      11%        N/A       19%         3
 Ensorcelled Hibernation  Hex/Ice        4%         N/A       26%         2
 Mephitic Cloud           Conj/Pois/Air  6%         N/A       32%         3
 Olgreb's Toxic Radiance  Pois           15%        N/A       36%         4
 Confusing Touch          Hex            2%         N/A       45%         3
 Vampiric Draining        Necr           2%         2d6       45%         3
 Anguish                  Hex/Necr       1%         N/A       86%         4
 Dispel Undead            Necr           2%         3d7       86%         4


Dungeon Overview and Level Annotations

Branches:
Dungeon (3/15)

Altars:

Annotations:
D:3 Jessica


Innate Abilities, Weirdness & Mutations

Your plain brown scales are hard. (AC +5)
You cannot fit into any form of body armour.
You are cold-blooded and may be slowed by cold attacks.


Message History

Confirm with . or Enter, or press ? or * to list all spells.
Aiming: Sting (safe; 6% risk of failure)
Press: ? - help, Shift-Dir - straight line, f - gnoll
Aim: a gnoll, wielding a +0 spear (severely wounded, poisoned, 75% to hit)
The sting misses the gnoll.
The sting hits the orc.
The orc is poisoned.
The orc is severely wounded.
The gnoll looks more healthy.
The gnoll barely misses you. The gnoll closely misses you.
Casting: Sting (safe; 6% risk of failure)
Confirm with . or Enter, or press ? or * to list all spells.
Aiming: Sting (safe; 6% risk of failure)
Press: ? - help, Shift-Dir - straight line, f/p - gnoll
Aim: a gnoll, wielding a +0 spear (severely wounded, 75% to hit)
The sting hits the gnoll.
The gnoll is poisoned.
You kill the gnoll!
The gnoll completely misses you.
Casting: Sting (safe; 6% risk of failure)
Confirm with . or Enter, or press ? or * to list all spells.
Aiming: Sting (safe; 6% risk of failure)
Press: ? - help, Shift-Dir - straight line, f - gnoll
Aim: a gnoll, wielding a +0 halberd (75% to hit)
The sting hits the gnoll.
The gnoll is poisoned.
The gnoll is moderately wounded.
The gnoll barely misses you.
You hit the orc.
You kill the orc!
The gnoll hits you from afar with a +0 halberd.
Jessica gestures at you while chanting. You resist with some effort.
The gnoll closely misses you.
The gnoll looks more healthy.
The gnoll hits you from afar with a +0 halberd!
* * * LOW HITPOINT WARNING * * *
Jessica misses you.
Things that are here:
a +0 whip; a +0 flail; a +0 club You sock Jessica!
You tail-slap Jessica, but do no damage.
Jessica is severely wounded.
The gnoll hits you from afar with a +0 halberd!
You die...

#..#.. ...
##..#.#.#.#.
..........
#....#.#.
.###.#.....
..(...(..#
#.g#@#.#
#...@..#
#...#<###
..... ###
.... .##


You could see a gnoll and Jessica.

Vanquished Creatures
  3 gnolls (D:3)
  2 adders (D:2)
  A worm (D:2)
  An orc (D:3)
  4 endoplasms (D:2)
  2 giant cockroaches (D:2)
  2 hobgoblins
  2 jackals (D:2)
  2 kobolds
  2 quokkas
  5 ball pythons
  A bat (D:2)
  3 frilled lizards
  A goblin (D:1)
  7 rats
38 creatures vanquished.

Notes
Turn   | Place    | Note
-------+----------+-------------------------------------------
     0 | D:1      | Mickster the Draconian Venom Mage began the quest for the
                  | Orb.
     0 | D:1      | Reached XP level 1. HP: 14/14 MP: 3/3
   537 | D:2      | Reached XP level 2. HP: 19/20 MP: 0/5
   865 | D:2      | Reached XP level 3. HP: 27/27 MP: 4/6
  1064 | D:2      | Reached skill level 1 in Maces & Flails
  1151 | D:3      | Noticed Jessica
  1153 | D:3      | Reached XP level 4. HP: 16/34 MP: 4/7
  1158 | D:3      | Mangled by a gnoll

Illustrated notes

Levels and vault maps discovered:
D:1:      dpeg_arrival_stone_temple_mockup, layout_basic
D:2:      layout_rooms, st_stairs_13, minmay_misc_feat_room
D:3:      layout_basic, minmay_overflow_temple_star_hex,
          ebering_ghost_disaster_area, minmay_misc_feat_cross, uniq_jessica,
          uniq_robin

Skill      XL: |  1  2  3 |
---------------+----------+-----
Dodging        | 2 |  2.3
Stealth        | 2 |  2.0
Maces & Flails | 1 |  1.2
Fighting       | |  0.6
Spellcasting   | |  2.4
Transmutations | |  1.6
Poison Magic   | |  3.5

Action                     |  1- 3 |  4- 6 || total
---------------------------+-------+-------++-------
  Melee: Flail             |    59 |     2 ||    61
         Unarmed           |     8 |       ||     8
         Tailslap          |     6 |     1 ||     7
         Punch             |     3 |       ||     3
  Throw: Stone             |     2 |       ||     2
         Dart              |     3 |       ||     3
   Cast: Sting             |    37 |     3 ||    40
    Use: Potion            |     5 |       ||     5
         Scroll            |     3 |       ||     3
 Armour: Skin              |    22 |       ||    22
  Dodge: Dodged            |    69 |     6 ||    75

Table legend: (Time is in decaauts)
 A = Elapsed time spent in this place.
 B = Non-inter-level travel time spent in this place.
 C = Inter-level travel time spent in this place.
 D = Time resting spent in this place.
 E = Time spent auto-exploring this place.
 F = Levels seen in this place.
 G = Mean time per level.
                   A        B        C        D        E       F      G
               +--------+--------+--------+--------+--------+-----+--------+
         Total |   1181 |   1175 |      6 |    351 |      0 |   3 |  393.7 |
       Dungeon |   1181 |   1175 |      6 |    351 |      0 |   3 |  393.7 |
               +--------+--------+--------+--------+--------+-----+--------+

Top non-repeatable levels by time:
     D:2: 631 daAuts
     D:1: 535 daAuts
     D:3: 14 daAuts
